 Dungeon Crawl Stone Soup version 0.22-a0-252-gcace5d2 (webtiles) character file.

35 4thArraOfDagon the Vexing (level 3, 0/24 HPs)
             Began as a Mummy Enchanter on Mar 2, 2018.
             Slain by a leopard gecko (3 damage)
             ... on level 3 of the Dungeon.
             The game lasted 00:04:16 (873 turns).

4thArraOfDagon the Vexing (Mummy Enchanter)          Turns: 873, Time: 00:04:16

Health: 0/24       AC:  4    Str: 11    XL:     3   Next: 16%
Magic:  1/7        EV: 12    Int: 15    God:
Gold:   39         SH:  0    Dex: 12    Spells: 1/7 levels left

rFire    x . .     SeeInvis .   a - +2 dagger
rCold    + . .     Gourm    .   (no shield)
rNeg     + + +     Faith    .   b - +0 robe
rPois    ∞         Spirit   .   d - +1 helmet
rElec    .         Reflect  .   (no cloak)
rCorr    .         Harm     .   (no gloves)
MR       .....                  (no boots)
Stlth    ++........             (no amulet)
HPRegen  0.08/turn              (no ring)
MPRegen  0.10/turn              (no ring)

@: no status effects
A: no food or potions, fire vulnerability, cold resistance 1, negative energy
resistance 3, torment resistance, unbreathing
a: no special abilities


You were on level 3 of the Dungeon.
You were not hungry.

You visited 1 branch of the dungeon, and saw 3 of its levels.

You collected 39 gold pieces.

Inventory:

Hand Weapons
 a - a +2 dagger (weapon)
Armour
 b - a +0 robe (worn)
 d - a +1 helmet (worn)
Scrolls
 c - a scroll of amnesia
 g - 2 scrolls of random uselessness
 h - 2 scrolls of remove curse {unknown}


   Skills:
 * Level 2.5 Short Blades
 - Level 1.5 Dodging
 - Level 2.4 Stealth
 - Level 2.6 Spellcasting
 - Level 2.6 Hexes


You had one spell level left.
You knew the following spells:

 Your Spells              Type           Power        Failure   Level  Hunger
a - Corona                Hex            ##.....      7%          1    N/A
b - Ensorcelled Hibernat  Hex/Ice        #.....       19%         2    N/A
c - Confuse               Hex            ##......     21%         3    N/A

Dungeon Overview and Level Annotations

Branches:
Dungeon (3/15)

Altars:

Annotations:
D:3 Ijyb, Natasha


Innate Abilities, Weirdness & Mutations

You do not eat or drink.
Your flesh is vulnerable to fire.
You are immune to poison.
Your flesh is cold resistant. (rC+)
You are immune to negative energy. (rN+++)
You are immune to unholy pain and torment.
You can survive without breathing.


Message History

Unknown command.
You see here a blue potion.
The leopard gecko misses you.
Casting: Ensorcelled Hibernation (safe; 19% risk of failure)
Confirm with . or Enter, or press ? or * to list all spells.
Aiming: Ensorcelled Hibernation (safe; 19% risk of failure)
Press: ? - help, Shift-Dir - straight line, f/p - orc
Aim: an orc, wielding a mace and wearing a ring mail (moderately wounded, chance to defeat MR: 55%)
The leopard gecko resists with significant effort.
The leopard gecko bites you.
* * * LOW HITPOINT WARNING * * *
Okay, then.
The leopard gecko bites you.
* * * LOW HITPOINT WARNING * * *
As you read the scroll labeled LEOXEE GINT, it crumbles to dust.
It is a scroll of enchant weapon.
Your +1 dagger glows red for a moment.
The leopard gecko barely misses you.
Unknown command.
The leopard gecko bites you.
You die...

#.# #.# #.# #.#
#############.# .
#..........o...###...r
#.#####!.####.........
.###o
####.o####.####....
...#.##........#@# #.
..g...#.##..##o#l#
#.#..#.##..##.#o#
#.".............###
#.##.#######.#....#
#.......#......#
......#.#.####†#
##.....# #.####.###...
#.....# #....<......[.


You could see an orc and a leopard gecko.

Vanquished Creatures
  An ooze (D:2)
  A dart slug (D:1)
  A leopard gecko (D:2)
  A bat (D:2)
  3 giant cockroaches
  2 goblins
  2 hobgoblins (D:2)
  4 jackals
  2 quokkas
  2 ball pythons (D:2)
  A frilled lizard (D:1)
  2 kobolds
  3 rats (D:2)
25 creatures vanquished.

Notes
Turn   | Place    | Note
-------+----------+-------------------------------------------
     0 | D:1      | 4thArraOfDagon the Mummy Enchanter began the quest for the Orb.
     0 | D:1      | Reached XP level 1. HP: 13/13 MP: 4/4
    22 | D:1      | Reached skill level 1 in Short Blades
   390 | D:1      | Reached XP level 2. HP: 18/19 MP: 1/5
   404 | D:1      | Learned a level 2 spell: Ensorcelled Hibernation
   730 | D:2      | Reached XP level 3. HP: 19/24 MP: 1/7
   761 | D:3      | Noticed Natasha
   768 | D:2      | Learned a level 3 spell: Confuse
   802 | D:3      | Noticed Ijyb
   873 | D:3      | Slain by a leopard gecko

Vault maps used:
D:1:      saegor_arrival_simple_e, minmay_misc_feat_cross, feat_on_display
D:2:      grunt_decor_mini_mirrors, st_stairs_12
D:3:      first_ration, trog_hazing_becter, uniq_ijyb, uniq_jessica,
          uniq_natasha

Skill      XL: |  1  2 |
---------------+-------+-----
Short Blades   | 1 2 |  2.5
Dodging        | |  1.5
Stealth        | |  2.4
Spellcasting   | |  2.6
Hexes          | |  2.6

Action                   || total
-------------------------++-------
Melee: Dagger            ||    96
 Cast: Corona            ||     8
       Ensorcelled Hiber ||    18
  Use: Scroll            ||     4
 Stab: Sleeping          ||    10
Armor: Robe              ||    28
Dodge: Dodged            ||    53

Table legend:
 A = Spawn XP
 B = Non-spawn XP
 C = Spawn XP percentage of total XP
 D = Spawn monster count
 E = Non-spawn monster count
 F = Spawn count percentage of total count
 G = Total turns spent on level
                    A         B        C        D         E        F      G
               +---------+---------+-------+---------+---------+-------+---------
         Total |       0 |      50 |   0.0 |       0 |      25 |   0.0 |   873
               +---------+---------+-------+---------+---------+-------+---------
           D:1 |       0 |      12 |   0.0 |       0 |       6 |   0.0 |   420
           D:2 |       0 |      32 |   0.0 |       0 |      16 |   0.0 |   355
           D:3 |       0 |       6 |   0.0 |       0 |       3 |   0.0 |    98
               +---------+---------+-------+---------+---------+-------+---------
